 Dungeon Crawl Stone Soup version 0.27.0-1-g7a089689b8 (webtiles) character file.

Game seed: 3134646978764824756

24 Papr the Conjurer (level 3, -1/24 HPs)
             Began as a Human Conjurer on Aug 2, 2021.
             Slain by a gnoll (5 damage)
             ... on level 1 of the Dungeon.
             The game lasted 00:01:28 (1622 turns).

Papr the Conjurer (Human Conjurer)                  Turns: 1622, Time: 00:01:29

Health: -1/24      AC:  2    Str:  7    XL:     3   Next: 15%
Magic:  3/6        EV: 12    Int: 19    God:
Gold:   46         SH:  0    Dex: 11    Spells: 4/7 levels left

rFire    . . .     SeeInvis .   (no weapon)
rCold    . . .     Faith    .   (no shield)
rNeg     . . .     Spirit   .   a - +0 robe
rPois    .         Reflect  .   (no helmet)
rElec    .         Harm     .   (no cloak)
rCorr    .         Rampage  .   (no gloves)
Will     .....                  (no boots)
Stlth    ++........             (no amulet)
HPRegen  0.08/turn              (no ring)
MPRegen  0.10/turn              (no ring)

@: no status effects
A: no striking features
a: no special abilities


You were on level 1 of the Dungeon.
You visited 1 branch of the dungeon, and saw 2 of its levels.

You collected 46 gold pieces.

Inventory:

Armour
 a - a +0 robe (worn)
Jewellery
 e - an amulet of the acrobat
Scrolls
 b - a scroll of identify {unknown}
 c - a scroll of noise {unknown}
Potions
 d - 3 potions of haste {unknown}
 f - a potion of brilliance {unknown}


   Skills:
 - Level 2.0 Dodging
 - Level 2.0 Stealth
 + Level 2.6 Spellcasting
 + Level 4.4 Conjurations


You had 4 spell levels left.
You knew the following spells:

 Your Spells              Type           Power      Damage    Failure   Level
a - Magic Dart            Conj           76%        1d6       2%          1
b - Searing Ray           Conj           38%        3d4       3%          2

Your spell library contained the following spells:

 Spells                   Type           Power      Damage    Failure   Level
 Dazzling Flash           Conj/Hex       22%        N/A       19%         3
 Fulminant Prism          Conj/Hex       5%         3d7       54%         4
 Iskenderun's Mystic Bla  Conj/Tloc      11%        2d4       54%         4


Dungeon Overview and Level Annotations

Branches:
Dungeon (2/15)

Altars:


Message History

Done exploring.
(D) Dungeon
Where to? (? - help)
There is a stone staircase leading down here.
You climb downwards.
There is a stone staircase leading up here.
Found a robe.
A gnoll comes into view. It is wielding a +0 whip.
The gnoll shouts!
You hear a shout!
Found 19 stones.
Found an escape hatch in the floor.
A gnoll is nearby!
A gnoll comes into view. It is wielding a +0 club.
Aiming: Searing Ray (safe; 3% risk of failure)
Press: ? - help, Q - select action, (/) - cycle Shift-Dir - straight line, f - gnoll
Aim: a gnoll, wielding a +0 whip (81% to hit)
The searing ray misses the gnoll. (Press . to maintain the ray.)
A gnoll comes into view. It is wielding a +0 spear.
The gnoll hits the fungus with a +0 spear.
The fungus begins to die.
The gnoll hits you with a +0 whip!
A gnoll comes into view. It is wielding a +0 flail.
The gnoll shouts!
A nearby fungus withers and dies.
The gnoll hits you with a +0 whip!
Something hits the plant.
The plant begins to die.
The gnoll hits you with a +0 whip.
* * * LOW HITPOINT WARNING * * *
There is a stone staircase leading up here.
The gnoll hits you with a +0 whip.
* * * LOW HITPOINT WARNING * * *
You climb upwards.
There is a stone staircase leading down here.
Aiming: Searing Ray (safe; 3% risk of failure)
Press: ? - help, Q - select action, (/) - cycle Shift-Dir - straight line, f - gnoll
Aim: a gnoll, wielding a +0 whip (81% to hit)
The searing ray hits the gnoll!
The gnoll is severely wounded. (Press . to maintain the ray.)
The gnoll hits you with a +0 whip.
You die...

####..#.#
#..##.....###.#....รท...
####..#.#
##.##.........#.......#
.##...#.#
#..#...#.#######..####
......#.# #..#..##.#####
#..# #
.....##.####.....##.....#
#..# #
#######.#........######.#
#..# # #######.#........#
#.#.# #..# #
.....##.#.....#..# #.#.#
#..# # ......#.#.....#g@#
#.#.# #..# #
.##...#.#.....#.#####.#.#
#..# # ####..#.#.....#.#
#...#.# #..####
####..#.'.....#.#
#.#.#.###......
.##...###.....#.#
#.#............ ......#
#.....#.# #.#.#.......###
.....'###.....#.#
#.#[........#..
######.##.....#.#
#.#.#.#.###.###
#...)....#.###.#.#.#.#######


You could see a gnoll.

Vanquished Creatures
  4 dart slugs (D:1)
  3 bats (D:1)
  An endoplasm (D:1)
  2 goblins (D:1)
  2 hobgoblins (D:1)
  A frilled lizard (D:1)
  A kobold (D:1)
  2 rats (D:1)
16 creatures vanquished.

Vanquished Creatures (others)
  2 fungi (D:2)
  3 plants (D:2)
5 creatures vanquished.

Grand Total: 21 creatures vanquished

Notes
Turn   | Place    | Note
-------+----------+-------------------------------------------
     0 | D:1      | Papr the Human Conjurer began the quest for the Orb.
     0 | D:1      | Reached XP level 1. HP: 13/13 MP: 3/3
   341 | D:1      | Reached XP level 2. HP: 19/19 MP: 0/5
   407 | D:1      | Learned a level 2 spell: Searing Ray
   931 | D:1      | Reached XP level 3. HP: 24/24 MP: 3/6
  1622 | D:1      | Slain by a gnoll

Illustrated notes

Levels and vault maps discovered:
D:1:      minmay_arrival_four_loops, layout_basic
D:2:      layout_rooms, serial_shops, nicolae_shop_stone,
          shapermc_ecumenical_altar_mp_ritualfount

Action                   || total
-------------------------++-------
Melee: Unarmed           ||    11
 Cast: Magic Dart        ||    14
       Searing Ray       ||    15
Armor: Robe              ||     1
Dodge: Dodged            ||    13
